 Dungeon Crawl Stone Soup version 0.31-a0-455-g1a7b003ef0 (webtiles) character file.

Game seed: 18394915571613381421

67 MisterAzrael the Magician (level 4, -2/33 HPs)
             Began as a Djinni Fire Elementalist on Aug 3, 2023.
             Was a Follower of Makhleb.
             Slain by a hound (3 damage)
             ... on level 3 of the Dungeon.
             The game lasted 00:04:31 (1809 turns).

MisterAzrael the Magician (DjFE)                    Turns: 1809, Time: 00:04:32

Health: -2/33      AC:  3    Str:  9    XL:     4   Next: 38%
Gold:   82         EV: 11    Int: 17    God:    Makhleb [*.....] SH:  6 Dex: 13

rFire   + + .        h - +1 rapier
rCold   x . .        c - +2 buckler
rNeg    . . .        a - +0 robe
rPois   ∞            (no helmet)
rElec   .            (no cloak)
rCorr   .            g - +0 pair of gloves
SInv    .            (boots unavailable)
Will    .....        (no amulet)
Stlth   ++           (no ring)
HPRegen 0.25/turn    (no ring)
MPRegen 0.00/turn

%: infuse magic (-3 HP)
@: flying, very slightly contaminated
A: sickness immunity, fire resistance 2, cold vulnerability 1, float, innate
caster, HP casting, extra vitality 1
a: Renounce Religion


You were on level 3 of the Dungeon.
You worshipped Makhleb.
Makhleb was aware of your devotion.
You visited 1 branch of the dungeon, and saw 3 of its levels.

You collected 179 gold pieces.
You spent 97 gold pieces at shops.

Inventory:

Hand Weapons
 f - a +0 spear
 h - a +1 rapier (weapon)
Armour
 a - a +0 robe (worn)
 c - a +2 buckler (worn)
 g - a +0 pair of gloves (worn)
Scrolls
 b - a scroll of enchant armour
 d - a scroll of identify
 e - a scroll of fog {unknown}
 i - a scroll of vulnerability {unknown}


   Skills:
 * Level 2.2 Fighting
 * Level 0.2 Short Blades
 - Level 2.1 Dodging
 - Level 1.5 Stealth
 + Level 0.1 Shields
 * Level 3.5 Spellcasting
 * Level 3.5 Conjurations
 * Level 3.5 Hexes
   Level 0.0 Charms
 * Level 3.5 Summonings
 * Level 3.5 Necromancy
 * Level 3.5 Translocations
 * Level 3.5 Transmutations
 * Level 3.5 Fire Magic
 * Level 3.5 Ice Magic
 * Level 3.5 Air Magic
 * Level 3.5 Earth Magic
 * Level 3.5 Poison Magic


You knew the following spells:

 Your Spells              Type           Power      Damage    Failure   Level
a - Foxfire               Conj/Fire      56%        2x1d6     6%          1
b - Scorch                Fire           28%        2d6       10%         2
c - Volatile Blastmotes   Fire/Tloc      28%        2d12      19%         3
d - Inner Flame           Hex/Fire       14%        N/A       19%         3
e - Flame Wave            Conj/Fire      14%        2d6       52%         4
f - Slow                  Hex            56%        N/A       6%          1
Your spell library was empty.

Dungeon Overview and Level Annotations

Branches:
Dungeon (3/15)

Altars:
Fedhas
Makhleb

Shops:
D:2 ?


Innate Abilities, Weirdness & Mutations

You are immune to sickness and miasma.
You are immune to poison.
Your flesh is very heat resistant. (rF++)
You are vulnerable to cold. (rC-)
You float through the air rather than walking.
You learn spells naturally, not from books.
Your magical power is your life essence.
You have superior vitality. (+4 MHP)


Message History

The hound resists with significant effort.
You block the hound's attack. The hound closely misses you.
Casting: Slow (safe; 6% risk of failure)
Confirm with . or Enter, or press ? or * to list all spells.
Aiming: Slow (safe; 6% risk of failure)
Press: ? - help, Shift-Dir - straight line, f/p - hound
Aim: a hound (inner flame, chance to affect: 56%)
You miscast Slow.
You are very lightly contaminated with residual magic.
Nothing appears to happen.
The hound closely misses you. The hound attacks as you move away!
The hound closely misses you. The hound bites you.
Casting: Slow (safe; 6% risk of failure)
Confirm with . or Enter, or press ? or * to list all spells.
Aiming: Slow (safe; 6% risk of failure)
Press: ? - help, Shift-Dir - straight line, f/p - hound
Aim: a hound (inner flame, chance to affect: 56%)
The hound resists with significant effort.
* * * LOW HITPOINT WARNING * * *
The hound bites you.
* * * LOW HITPOINT WARNING * * *
You block the kobold's attack.
Casting: Slow (safe; 6% risk of failure)
Confirm with . or Enter, or press ? or * to list all spells.
Aiming: Slow (safe; 6% risk of failure)
Press: ? - help, Shift-Dir - straight line, f/p - hound
Aim: a hound (inner flame, chance to affect: 56%)
The hound resists with significant effort.
* * * LOW HITPOINT WARNING * * *
The hound bites you.
* * * LOW HITPOINT WARNING * * *
The hound bites you but does no damage. You block the kobold's attack.
You aren't carrying any potions.
You aren't carrying any potions.
As you read the scroll labelled FEROMI DIWKUPS, it crumbles to dust.
It is a scroll of identify.
b - a scroll of enchant armour The hound bites you.
You die...

## #. # ####.### .......
.......# ####.###.# .....#
###.....##.####### ##†.####...#
#..†........ #......h@..#
#.##..######
.......#.....K...###.†.........
≈≈≈≈≈≈.#.......#......#..###...
.≈≈≈..≈#...#######............#
≈...≈.≈###.# #...##..###...
≈._.≈.≈ #.# ##..##...[##.#
≈...≈h≈ #.# ##.##....#...
.≈≈≈..≈ ..# #.##....'.♣. ###
#.##:..##...


You could see a hound (inner flame) and a kobold.

Vanquished Creatures
  A gnoll (D:1)
  An adder (D:2)
  2 worms (D:2)
  6 ball pythons
  3 endoplasms
  4 giant cockroaches
  4 goblins
  6 hobgoblins
  3 quokkas
  2 bats
  A frilled lizard (D:2)
  2 kobolds (D:2)
  A rat (D:2)
36 creatures vanquished.

Vanquished Creatures (collateral kills)
  20 foxfires (D:1)
20 creatures vanquished.

Vanquished Creatures (others)
  125 foxfires
125 creatures vanquished.

Grand Total: 181 creatures vanquished

Notes
Turn   | Place    | Note
-------+----------+-------------------------------------------
     0 | D:1      | MisterAzrael the Djinni Fire Elementalist began the quest
                  | for the Orb.
     0 | D:1      | MisterAzrael set off with the following spells memorised:
                  | Foxfire, Scorch, Volatile Blastmotes, Inner Flame, Flame
                  | Wave.
     0 | D:1      | Reached XP level 1. HP: 15/15 MP: 0/0
   300 | D:1      | Reached skill level 1 in Fighting
   300 | D:1      | Reached XP level 2. HP: 13/22 MP: 0/0
   720 | D:1      | Reached XP level 3. HP: 26/27 MP: 0/0
   720 | D:1      | Learned a level 1 spell: Slow
  1171 | D:2      | Reached XP level 4. HP: 31/33 MP: 0/0
  1307 | D:2      | Found Myareop's Magic Scroll Shoppe.
  1328 | D:2      | Bought a scroll of enchant weapon for 97 gold pieces
  1632 | D:2      | Found a faded altar of an unknown god.
  1646 | D:2      | Prayed at the altar of an unknown god.
  1646 | D:2      | Became a worshipper of Makhleb the Destroyer
  1646 | D:2      | Reached * piety under Makhleb
  1788 | D:3      | Found a blossoming altar of Fedhas.
  1808 | D:3      | HP: 1/33 [hound (5)]
  1809 | D:3      | Slain by a hound

Illustrated notes

Levels and vault maps discovered:
D:1:      spicycebolla_arrival_transporter_tutorial, layout_basic,
          minmay_hedge_maze
D:2:      layout_basic, dilly_ecumenical_altar_fadedgnrine, serial_shops, shop
D:3:      layout_loops_ring, mainiacjoe_overflow_paths,
          nicolae_overflow_crystal_walls, nemelex_dance_club_becter,
          portal_sewer_entry_e, minmay_misc_feat_encased, grunt_ministairs_13

Skill      XL: |  1  2  3 |
---------------+----------+-----
Spellcasting   | |  3.5
Conjurations   | |  3.5
Hexes          | |  3.5
Summonings     | |  3.5
Necromancy     | |  3.5
Translocations | |  3.5
Transmutations | |  3.5
Fire Magic     | |  3.5
Ice Magic      | |  3.5
Air Magic      | |  3.5
Earth Magic    | |  3.5
Poison Magic   | |  3.5
Fighting       | 1 2 |  2.2
Short Blades   | |  0.2
Dodging        | |  2.1
Stealth        | |  1.5
Shields        | |  0.1

Action                     |  1- 3 |  4- 6 || total
---------------------------+-------+-------++-------
  Melee: Rapier            |       |     8 ||     8
   Cast: Foxfire           |    60 |    27 ||    87
         Inner Flame       |     4 |     2 ||     6
         Scorch            |       |     5 ||     5
         Slow              |       |     4 ||     4
    Use: Scroll            |       |     2 ||     2
 Armour: Robe              |     2 |     3 ||     5
  Dodge: Dodged            |    14 |     9 ||    23
  Block: Buckler           |       |     5 ||     5

Table legend: (Time is in decaauts)
 A = Elapsed time spent in this place.
 B = Non-inter-level travel time spent in this place.
 C = Inter-level travel time spent in this place.
 D = Time resting spent in this place.
 E = Time spent auto-exploring this place.
 F = Levels seen in this place.
 G = Mean time per level.
                   A        B        C        D        E       F      G
               +--------+--------+--------+--------+--------+-----+--------+
         Total |   1810 |   1782 |     28 |     65 |   1359 |   3 |  603.3 |
       Dungeon |   1810 |   1782 |     28 |     65 |   1359 |   3 |  603.3 |
               +--------+--------+--------+--------+--------+-----+--------+

Top non-repeatable levels by time:
     D:1: 892 daAuts
     D:2: 787 daAuts
     D:3: 131 daAuts
